 Dungeon Crawl Stone Soup version 0.21.1-1-g345015fe64 (webtiles) character file.

3433 Minato the Carver (level 9, -28/84 HPs)
             Began as a Minotaur Gladiator on Feb 11, 2018.
             Was a Follower of Okawaru.
             Annihilated by a two-headed ogre
             ... wielding a cursed -1 giant club
              (32 damage)
             ... on level 8 of the Dungeon.
             The game lasted 00:23:48 (10080 turns).

Minato the Carver (Minotaur Gladiator)             Turns: 10080, Time: 00:23:49

Health: -28/84     AC:  6    Str: 20    XL:     9   Next: 77%
Magic:  8/8        EV: 16    Int:  5    God:    Okawaru [*.....]
Gold:   471        SH:  0    Dex: 17    Spells: 8/8 levels left

rFire    . . .     SeeInvis .   a - +1 long sword
rCold    . . .     Gourm    .   (no shield)
rNeg     . . .     Faith    .   z - +0 troll leather armour
rPois    .         Spirit   .   c - +0 hat
rElec    .         Reflect  .   (no cloak)
rCorr    .         Harm     +   g - +0 pair of gloves (curse)
MR       .....                  (no boots)
Stlth    ++........             w - amulet of harm
HPRegen  0.64/turn              m - +3 ring of dexterity
MPRegen  0.11/turn              (no ring)

@: no status effects
A: retaliatory headbutt, horns 2
a: Heroism, Renounce Religion


You were on level 8 of the Dungeon.
You worshipped Okawaru.
Okawaru was aware of your devotion.
You were not hungry.

You visited 2 branches of the dungeon, and saw 9 of its levels.

You collected 471 gold pieces.

Inventory:

Hand Weapons
 a - a +1 long sword (weapon)
Missiles
 d - 4 throwing nets (quivered)
Armour
 c - a +0 hat (worn)
 g - a cursed +0 pair of gloves (worn)
 r - a +0 leather armour
 z - a +0 troll leather armour (worn)
Magical Staves
 y - an uncursed staff of conjuration
Jewellery
 m - a +3 ring of dexterity (left hand)
 w - an amulet of harm (around neck)
Wands
 l - a wand of scattershot (5)
 o - a wand of iceblast (10)
Scrolls
 h - 2 scrolls of amnesia
 i - 4 scrolls of remove curse
 j - 3 scrolls of immolation
 k - 2 scrolls of enchant weapon
 p - 2 scrolls of teleportation
 s - 3 scrolls of blinking
Potions
 b - 2 potions of might
 e - a potion of lignification {unknown}
 n - a potion of haste {unknown}
 q - a potion of brilliance {unknown}
 t - a potion of magic
 u - 2 potions of flight
 v - 2 potions of curing
Comestibles
 f - 12 rations
 x - 2 chunks of flesh


   Skills:
 * Level 9.5 Fighting
 + Level 10.8 Long Blades
 - Level 2.0 Throwing
 + Level 5.3 Armour
 + Level 6.4 Dodging
 + Level 3.1 Stealth


You had 8 spell levels left.
You didn't know any spells.

Dungeon Overview and Level Annotations

Branches:
Dungeon (8/15)             Temple (1/1) D:7
   Lair: D:8-11

Altars:
Ashenzari
Cheibriados
Dithmenos
Elyvilon
Fedhas
Gozag
Hepliaklqana
Kikubaaqudgha
Makhleb
Nemelex Xobeh
Okawaru
Qazlal
Ru
Sif Muna
Trog
Uskayaw
Vehumet
Wu Jian
Xom
Yredelemnul
Zin
The Shining One

Shops:
D:7 =


Innate Abilities, Weirdness & Mutations

You reflexively headbutt those who attack you in melee.
You have a pair of horns on your head.


Message History

The two-headed ogre is heavily wounded.
The two-headed ogre hits you with a giant club! x2
You hit the two-headed ogre.
The two-headed ogre is heavily wounded.
The two-headed ogre hits you with a giant club!
The two-headed ogre hits you but does no damage.
You hit the two-headed ogre but do no damage.
The two-headed ogre is heavily wounded.
You closely miss the two-headed ogre.
The two-headed ogre is heavily wounded.
The two-headed ogre hits you with a giant club!
* * * LOW HITPOINT WARNING * * *
The two-headed ogre closely misses you.
You barely miss the two-headed ogre.
The two-headed ogre is heavily wounded.
The two-headed ogre hits you with a giant club!
* * * LOW HITPOINT WARNING * * *
The two-headed ogre hits you but does no damage.
The two-headed ogre hits you with a giant club!!
You die...

#...#####........#.#
...>..........#.#.#
...#######...##.#.#
# #.# ##..##.#.#
##.###.# #..##.#.##
#......# #.........
#..###.# #.###.....
#.
#.#########.#(.....#
#
#.O@................
##.######..###((###.
#.# #..#......#. #.#
#..###..###. #.#
#.....)..... #.#
##.#.#..###. #.#
#.#.#..#.#. ..#
#.###..#.#. ###
#..........


You could see a two-headed ogre.

Vanquished Creatures
  A troll (D:7)
  A hornet (D:7)
  A hippogriff (D:7)
  A hungry ghost (D:6)
  A water moccasin (D:6)
  A black bear (D:7)
  An ice beast (D:5)
  3 sky beasts
  2 ogres
  A phantom (D:4)
  2 centaurs
  A big kobold (D:7)
  2 bullfrogs
  A gnoll sergeant (D:7)
  2 scorpions
  3 killer bees
  3 howler monkeys (D:7)
  3 crimson imps
  2 hounds
  2 orc priests
  A jelly (D:7)
  8 orc wizards
  A bullfrog skeleton (D:7)
  Ijyb (D:4)
  2 iguanas
  7 worker ants
  2 hound skeletons
  A worker ant zombie (D:5)
  11 gnolls
  7 adders
  A shadow imp (D:8)
  2 oozes (D:5)
  An adder zombie (D:6)
  7 worms
  A dart slug (D:4)
  6 leopard geckos
  30 orcs
  5 giant cockroaches
  5 goblins
  5 hobgoblins
  27 jackals
  2 quokkas
  5 bats
  4 frilled lizards
  A giant cockroach zombie (D:6)
  A jackal zombie (D:5)
  6 kobolds
  A leopard gecko skeleton (D:7)
  A leopard gecko zombie (D:4)
  A quokka zombie (D:5)
  8 rats
195 creatures vanquished.

Notes
Turn   | Place    | Note
-------+----------+-------------------------------------------
     0 | D:1      | Minato the Minotaur Gladiator began the quest for the Orb.
     0 | D:1      | Reached XP level 1. HP: 18/18 MP: 0/0
   103 | D:1      | Reached skill level 4 in Long Blades
   103 | D:1      | Reached XP level 2. HP: 25/25 MP: 1/1
   636 | D:1      | You fall through a shaft!
  1125 | D:2      | Reached XP level 3. HP: 28/30 MP: 2/2
  1332 | D:2      | Found a faded altar of an unknown god.
  1654 | D:3      | Reached skill level 1 in Armour
  1654 | D:3      | Reached XP level 4. HP: 29/38 MP: 3/3
  2051 | D:3      | Reached skill level 5 in Long Blades
  2105 | D:3      | Reached XP level 5. HP: 33/46 MP: 4/4
  3235 | D:4      | Noticed Ijyb
  3236 | D:4      | Noticed an ogre
  3252 | D:4      | Killed Ijyb
  3304 | D:4      | Reached XP level 6. HP: 52/52 MP: 5/5
  3313 | D:4      | Reached skill level 6 in Long Blades
  3515 | D:4      | Found an opulent altar of Gozag.
  3592 | D:4      | Reached skill level 5 in Fighting
  3592 | D:4      | Reached XP level 7. HP: 40/61 MP: 6/6
  3779 | D:4      | Reached skill level 7 in Long Blades
  3809 | D:4      | Reached skill level 1 in Stealth
  4766 | D:5      | Entered Level 5 of the Dungeon
  5608 | D:5      | Reached skill level 8 in Long Blades
  5860 | D:5      | Reached XP level 8. HP: 56/70 MP: 7/7
  6154 | D:6      | Reached skill level 5 in Dodging
  6500 | D:6      | Reached skill level 9 in Long Blades
  7735 | D:7      | Reached XP level 9. HP: 52/80 MP: 8/8
  7910 | D:7      | Noticed a troll
  7922 | D:7      | Killed a troll
  8011 | D:7      | Reached skill level 10 in Long Blades
  8320 | D:7      | Found a stormy altar of Qazlal.
  8338 | D:7      | Found a staircase to the Ecumenical Temple.
  8349 | Temple   | Entered the Ecumenical Temple
  8491 | Temple   | Became a worshipper of Warmaster Okawaru
  8865 | D:7      | Reached skill level 5 in Armour
  9019 | D:7      | Reached * piety under Okawaru
  9348 | D:7      | Found Unugiterr's Jewellery Boutique.
 10066 | D:8      | Noticed a two-headed ogre
 10078 | D:8      | HP: 3/84 [two-headed ogre/giant club (20)]
 10080 | D:8      | Annihilated by a two-headed ogre

Skill      XL: |  1  2  3  4  5  6  7  8  9 |
---------------+----------------------------+-----
Long Blades    | 4 5 6 8 9 10 | 10.8
Fighting       | 3 4 5 6 7 9 |  9.5
Armour         | 1 2 3 4 5 |  5.3
Dodging        | 4 5 6 |  6.4
Stealth        | 1 2 3 |  3.1
Throwing       | |  2.0

Action                   |  1- 3 |  4- 6 |  7- 9 || total
-------------------------+-------+-------+-------++-------
Melee: Long sword        |    73 |   124 |   284 ||   481
       Headbutt          |    13 |    33 |    60 ||   106
  Use: Scroll            |       |     4 |     3 ||     7
       Potion            |       |       |     2 ||     2
 Stab: Sleeping          |       |       |     3 ||     3
       Distracted        |       |       |     1 ||     1
  Eat: Chunk             |     2 |     6 |    14 ||    22
       Ration            |       |       |     3 ||     3
Armor: Leather armour    |    20 |    21 |    49 ||    90
       Troll leather arm |       |       |     8 ||     8
Dodge: Dodged            |    53 |    78 |   172 ||   303
       Rpst.: Long sword |    15 |    23 |    45 ||    83
